 Dungeon Crawl Stone Soup version 0.29.1-1-gd02db6906a (webtiles) character file.

Game seed: 7723532026197250202

291 Earthwalker the Covered (level 6, -1/50 (53) HPs)
             Began as a Minotaur Fighter on Oct 9, 2022.
             Slain by a wight
             ... wielding a +0 great sword
              (12 damage)
             ... on level 3 of the Dungeon.
             The game lasted 00:06:56 (3384 turns).

Earthwalker the Covered (Minotaur Fighter)          Turns: 3384, Time: 00:06:57

HP:   -1/50 (53)    AC:  7    Str: 22    XL:     6   Next: 10%
MP:   5/5           EV: 10    Int:  5    God:
Gold: 137           SH:  4    Dex: 10    Spells: 5/5 levels left

rFire   . . .      SeeInvis .   a - +0 trident
rCold   . . .      Faith    .   c - +0 buckler
rNeg    . . .      Spirit   .   b - +0 scale mail
rPois   .          Reflect  .   (helmet restricted)
rElec   .          Harm     .   (no cloak)
rCorr   .          Rampage  .   (no gloves)
Will    .....                   (no boots)
Stlth   ..........              (no amulet)
HPRegen 0.16/turn               (no ring)
MPRegen 0.09/turn               (no ring)

@: drained
A: horns 2, retaliatory headbutt
a: no special abilities


You were on level 3 of the Dungeon.
You visited 1 branch of the dungeon, and saw 4 of its levels.

You collected 137 gold pieces.

Inventory:

Hand Weapons
 a - a +0 trident (weapon)
Missiles
 g - 5 atropa-tipped darts (quivered)
 m - 6 poisoned darts
Armour
 b - a +0 scale mail (worn)
 c - a +0 buckler (worn)
 j - a +2 cloak
Scrolls
 e - a scroll of acquirement {unknown}
 f - 2 scrolls of enchant weapon {unknown}
 h - 5 scrolls of identify {unknown}
 i - a scroll of poison {unknown}
 l - a scroll of immolation {unknown}
 o - 2 scrolls of blinking {unknown}
Potions
 d - 2 potions of might
 k - 3 potions of curing {unknown}
 n - 3 potions of heal wounds {unknown}


   Skills:
 + Level 4.6 Fighting
 + Level 5.0 Polearms
 + Level 5.2 Armour
 + Level 1.9 Dodging
 + Level 0.4 Stealth
 + Level 4.3 Shields


You had 5 spell levels left.
You didn't know any spells.
Your spell library contained the following spells:

 Spells                   Type           Power      Damage    Failure   Level
 Portal Projectile        Hex/Tloc       0%         N/A       99%         3
 Tukima's Dance           Hex            0%         N/A       99%         3
 Blade Hands              Tmut           0%         N/A       100%        5


Dungeon Overview and Level Annotations

Branches:
Dungeon (4/15)
 Temple: D:4-7

Altars:
Makhleb
The Shining One

Shops:
D:1 (


Innate Abilities, Weirdness & Mutations

You have a pair of horns on your head.
You reflexively headbutt those who attack you in melee.


Message History

The wight barely misses you.
You puncture the wight!
You destroy the wight!
Your life force feels restored.
Your Polearms skill increases to level 5!
You have reached level 6!
You climb downwards.
The wight barely misses you.
There is a stone staircase leading up here.
You barely miss the wight. Your headbutt misses the wight.
The wight closely misses you. You furiously retaliate!
You headbutt the wight. You closely miss the wight.
The wight is lightly damaged.
You block the wight's attack.
You hit the wight but do no damage. You headbutt the wight!
The wight is heavily damaged.
The wight hits you with a +0 great sword!
You feel drained.
You hit the wight. Your headbutt misses the wight.
The wight is severely damaged.
You block the wight's attack.
You hit the wight but do no damage.
The wight is severely damaged.
The wight closely misses you.
You hit the wight but do no damage.
The wight is severely damaged.
The wight barely misses you. You furiously retaliate!
You headbutt the wight.
The wight hits you with a +0 great sword!
* * * LOW HITPOINT WARNING * * *
The wight barely misses you.
You climb upwards.
There is a stone staircase leading down here.
You hit the wight but do no damage.
The wight is almost destroyed.
The wight hits you with a +0 great sword.
* * * LOW HITPOINT WARNING * * *
You feel drained.
You closely miss the wight.
The wight is almost destroyed.
The wight hits you with a +0 great sword!
You die...

...<.######.#
............##
.............##########
...........#..........#
#..........###........#
...........###........#
.....###..............#
.....#
######..z......##
##(..# ##..@[.....#
##..## #..[..###.###
..#.##### #.....#4#...#
..).....# #...#######.#
####....# #...#2#_....#
#####.### #############
..###.#### #4#
#..##....######## ###
.#..####..>.....#


You could see a wight.

Vanquished Creatures
  3 wights (D:3)
  An orc wizard (D:3)
  3 adders
  A worm (D:3)
  A dart slug (D:2)
  4 orcs (D:3)
  7 bats
  8 endoplasms
  5 giant cockroaches
  4 hobgoblins
  2 jackals (D:2)
  2 quokkas
  4 ball pythons
  5 frilled lizards
  11 goblins
  8 kobolds
  6 rats
75 creatures vanquished.

Vanquished Creatures (others)
  2 fungi (D:3)
  2 plants (D:3)
4 creatures vanquished.

Grand Total: 79 creatures vanquished

Notes
Turn   | Place    | Note
-------+----------+-------------------------------------------
     0 | D:1      | Earthwalker the Minotaur Fighter began the quest for the
                  | Orb.
     0 | D:1      | Reached XP level 1. HP: 19/19 MP: 0/0
   290 | D:1      | Reached XP level 2. HP: 27/27 MP: 1/1
   998 | D:1      | Found Bameji's Weapon Emporium.
  1027 | D:1      | Reached XP level 3. HP: 33/33 MP: 2/2
  1953 | D:2      | Reached XP level 4. HP: 38/40 MP: 3/3
  2272 | D:3      | Found a burning altar of Makhleb.
  2272 | D:3      | Noticed a green death
  2275 | D:3      | Noticed an orange demon
  2275 | D:3      | Noticed a hellwing
  2315 | D:3      | Reached skill level 1 in Dodging
  2340 | D:3      | Found a faded altar of an unknown god.
  2814 | D:3      | Found a glowing golden altar of the Shining One.
  2914 | D:3      | Reached XP level 5. HP: 19/47 MP: 4/4
  3135 | D:3      | Reached skill level 5 in Armour
  3373 | D:3      | Reached skill level 5 in Polearms
  3373 | D:3      | Reached XP level 6. HP: 40/53 MP: 5/5
  3384 | D:3      | Slain by a wight

Illustrated notes

Levels and vault maps discovered:
D:1:      spicycebolla_green_bress_n_ham_2, layout_basic, serial_corexii_hall,
          corexii_hall_statues_deadend, chequers_hall_statues_wall_a,
          serial_shops, nicolae_shop_bloodbath_and_beyond, st_stairs_11
D:2:      kennysheep_the_goblin_king, layout_loops_corners
D:3:      layout_rooms, makhleb_altar_promises_db, tso_altar,
          shapermc_ecumenical_altar_ellora, serial_curves, eino_curves_01,
          eino_curves_02, roderic_roman_lattice
D:4:      layout_layer_cave, gammafunk_ghost_stat_death

Skill      XL: |  1  2  3  4  5 |
---------------+----------------+-----
Fighting       | 4 |  4.6
Armour         | 4 5 |  5.2
Shields        | 4 |  4.3
Polearms       | 3 4 5 |  5.0
Dodging        | 1 |  1.9
Stealth        | |  0.4

Action                   |  1- 3 |  4- 6 || total
-------------------------+-------+-------++-------
Melee: Trident           |    83 |    99 ||   182
       Headbutt          |     7 |    19 ||    26
Armor: Scale mail        |    55 |    30 ||    85
Dodge: Dodged            |    51 |    26 ||    77
Block: Buckler           |    25 |    21 ||    46
